 Dungeon Crawl Stone Soup version 0.30-a0-782-ge64f9170bb (webtiles) character file.

Game seed: 8567519473639222123

120 NotreDorf the Insei (level 5, 0/39 HPs)
             Began as a Merfolk Transmuter on Feb 18, 2023.
             Slain by a goblin
             ... wielding a +1 dagger of speed
             ... led by Robin
              (5 damage)
             ... on level 3 of the Dungeon.
             The game lasted 00:08:56 (2318 turns).

NotreDorf the Insei (Merfolk Transmuter)            Turns: 2318, Time: 00:08:57

Health: 0/39       AC:  3    Str: 10    XL:     5   Next: 4%
Magic:  5/8        EV: 13    Int: 12    God:
Gold:   95         SH:  0    Dex: 17    Spells: 3/9 levels left

rFire   . . .      SeeInvis .      - Unarmed
rCold   . . .      Faith    .    (no shield)
rNeg    . . .      Spirit   .    a - +0 robe
rPois   .          Reflect  .    (no helmet)
rElec   .          Harm     .    (no cloak)
rCorr   .          Rampage  .    (no gloves)
Will    .....                    k - +0 pair of boots
Stlth   ++                       (no amulet)
HPRegen 0.26/turn                (no ring)
MPRegen 0.11/turn                (no ring)

@: wereblooded
A: (nimble swimmer 2), mertail
a: no special abilities


You were on level 3 of the Dungeon.
You visited 1 branch of the dungeon, and saw 3 of its levels.

You collected 123 gold pieces.
You spent 28 gold pieces at shops.

Inventory:

Armour
 a - a +0 robe (worn)
 k - a +0 pair of boots (worn)
Scrolls
 c - 5 scrolls of identify {unknown}
 d - 2 scrolls of vulnerability {unknown}
 e - a scroll of brand weapon {unknown}
 g - a scroll of amnesia {unknown}
 i - a scroll of fog {unknown}
 l - a scroll of torment {unknown}
 m - a scroll of silence {unknown}
 n - a scroll of teleportation {unknown}
 p - a scroll of poison {unknown}
 r - a scroll of immolation {unknown}
Potions
 b - a potion of lignification
 f - a potion of invisibility {unknown}
 h - a potion of might {unknown}
 j - a potion of flight {unknown}
 o - 2 potions of curing {unknown}
 q - a potion of resistance {unknown}


   Skills:
 + Level 2.3 Fighting
 + Level 3.7 Dodging
 - Level 0.6 Stealth
 + Level 4.0 Unarmed Combat
 + Level 2.6 Spellcasting
 + Level 3.8 Transmutations


You had 3 spell levels left.
You knew the following spells:

 Your Spells              Type           Power      Damage    Failure   Level
a - Beastly Appendage     Tmut           20%        N/A       5%          1
b - Wereblood             Tmut           10%        N/A       9%          2
c - Spider Form           Tmut/Pois      6%         N/A       34%         3

Your spell library contained the following spells:

 Spells                   Type           Power      Damage    Failure   Level
 Call Canine Familiar     Summ           1%         N/A       61%         3
 Portal Projectile        Hex/Tloc       2%         N/A       61%         3
 Ice Form                 Ice/Tmut       6%         N/A       75%         4
 Leda's Liquefaction      Hex/Erth       0%         N/A       95%         4


Dungeon Overview and Level Annotations

Branches:
Dungeon (3/15)

Altars:

Shops:
D:1 *((?*


Innate Abilities, Weirdness & Mutations

((You are very nimble when in or above water. (Stealth+, EV+, Speed+++)))
Your lower body shifts to a powerful aquatic tail in water.


Message History

The goblin is moderately wounded.
Robin throws the goblin at you!
The goblin hits you with a +0 dagger. 2 goblins and a hobgoblin come into view.
A goblin is wielding a +1 dagger of speed.
The goblin shouts!
The hobgoblin shouts!
The goblin shouts!
Robin roars a battlecry!
The goblins go into a battle-frenzy!
You punch Robin! You headbutt Robin.
Robin is severely wounded.
The goblin barely misses you. Robin throws the goblin at you!
The goblin barely misses you.
You closely miss Robin.
Robin is severely wounded.
The goblin hits you with a +1 dagger of speed.
The goblin completely misses you.
Robin hits you with a +5 mace of holy wrath!
You punch Robin!
You feel a bit better.
You kill Robin!
The goblin hits you with a +1 dagger of speed!
* * * LOW HITPOINT WARNING * * *
Your Unarmed Combat skill increases to level 4!
You have reached level 5!
You feel agile.
You hit the goblin.
You feel a bit better.
You kill the goblin!
You howl as the wereblood boils in your veins!
Your horns disappear.
Your +0 pair of boots unmelds from your body.
The goblin misses you.
The goblin hits you with a +1 dagger of speed.
* * * LOW HITPOINT WARNING * * *
You barely miss the goblin.
The hobgoblin hits you but does no damage.
The goblin hits you with a +1 dagger of speed.
* * * LOW HITPOINT WARNING * * *
You miss the goblin.
You howl as the wereblood boils in your veins!
The hobgoblin barely misses you. The goblin barely misses you.
The goblin hits you with a +1 dagger of speed.
You die...

###+#.#.# #........
.<......#######........
.$....#.....)...#......
.........########.#####
.........## #.# #
######....# #.# #
+....# #.#####
#######.g..# #......
#......@).!# ##.#.#.#
#.####gg...# ##.......
#.##### ....#.#.# #.
###...... #. #.#.#.# #.
#...... #. #.#.#.# #.
#...... ####...


You could see a hobgoblin (strong) and 2 goblins.

Vanquished Creatures
  An orc wizard (D:3)
  Robin (D:3)
  3 adders
  2 dart slugs
  3 orcs (D:3)
  5 endoplasms
  A giant cockroach (D:3)
  7 goblins
  4 hobgoblins
  4 jackals (D:3)
  3 kobolds
  3 ball pythons
  4 bats (D:1)
  5 frilled lizards
  7 rats
53 creatures vanquished.

Vanquished Creatures (others)
  2 fungi (D:2)
2 creatures vanquished.

Grand Total: 55 creatures vanquished

Notes
Turn   | Place    | Note
-------+----------+-------------------------------------------
     0 | D:1      | NotreDorf the Merfolk Transmuter began the quest for the
                  | Orb.
     0 | D:1      | Reached XP level 1. HP: 15/15 MP: 3/3
   271 | D:1      | Reached XP level 2. HP: 21/21 MP: 3/5
   347 | D:1      | Found Kuahefiwk's Assorted Antiques.
   358 | D:1      | Bought a scroll labelled MITIMYURAT for 28 gold pieces
   498 | D:1      | Found Hyotuw's Magic Scroll Shoppe.
   506 | D:1      | Found Lewn's Antique Weapon Shoppe.
   637 | D:1      | Found Venotuch's Antique Weapon Emporium.
   664 | D:1      | Learned a level 2 spell: Wereblood
   687 | D:1      | Found Daery's General Store.
  1157 | D:2      | Reached XP level 3. HP: 27/27 MP: 2/6
  1705 | D:2      | Found a faded altar of an unknown god.
  2029 | D:2      | Learned a level 3 spell: Spider Form
  2060 | D:3      | Reached XP level 4. HP: 26/33 MP: 5/7
  2308 | D:3      | Noticed Robin
  2315 | D:3      | Killed Robin
  2316 | D:3      | Reached skill level 4 in Unarmed Combat
  2316 | D:3      | Reached XP level 5. HP: 11/39 MP: 5/8
  2318 | D:3      | Slain by a goblin

Illustrated notes

Levels and vault maps discovered:
D:1:      lightli_arrival_statue_moat, layout_loops_corners, serial_shops,
          nicolae_lakefront_shop, nicolae_shop_temple_entry_statues_fountains,
          shop, shop, nicolae_shop_crystal
D:2:      layout_basic, shapermc_ecumenical_altar_ellora
D:3:      layout_basic, serial_glass, glass_columns_b, glass_columns_b,
          glass_columns_c, glass_columns_a, glass_columns_a, glass_columns_b,
          uniq_robin

Skill      XL: |  1  2  3  4 |
---------------+-------------+-----
Transmutations | 3 |  3.8
Dodging        | 3 |  3.7
Fighting       | 2 |  2.3
Unarmed Combat | 4 |  4.0
Stealth        | |  0.6
Spellcasting   | |  2.6

Action                     |  1- 3 |  4- 6 || total
---------------------------+-------+-------++-------
  Melee: Unarmed           |   111 |    47 ||   158
         Headbutt          |    17 |     9 ||    26
         Punch             |     2 |     1 ||     3
   Cast: Beastly Appendage |    24 |     5 ||    29
         Wereblood         |     1 |     2 ||     3
   Stab: Sleeping          |     4 |       ||     4
 Armour: Robe              |    28 |     5 ||    33
  Dodge: Dodged            |    73 |    24 ||    97

Table legend: (Time is in decaauts)
 A = Elapsed time spent in this place.
 B = Non-inter-level travel time spent in this place.
 C = Inter-level travel time spent in this place.
 D = Time resting spent in this place.
 E = Time spent auto-exploring this place.
 F = Levels seen in this place.
 G = Mean time per level.
                   A        B        C        D        E       F      G
               +--------+--------+--------+--------+--------+-----+--------+
         Total |   2303 |   2235 |     68 |      0 |   1807 |   3 |  767.7 |
       Dungeon |   2303 |   2235 |     68 |      0 |   1807 |   3 |  767.7 |
               +--------+--------+--------+--------+--------+-----+--------+

Top non-repeatable levels by time:
     D:1: 1054 daAuts
     D:2: 970 daAuts
     D:3: 278 daAuts
